 Dungeon Crawl Stone Soup version 0.17-a0-1642-gd4b747b (webtiles) character file.

419 KINGKRU the Shield-Bearer (level 6, 0/55 HPs)
             Began as a Minotaur Fighter on Aug 11, 2015.
             Killed by nerve-wracking pain
             ... invoked by an orc priest
              (9 damage)
             ... on level 3 of the Dungeon.
             The game lasted 00:12:54 (2784 turns).

KINGKRU the Shield-Bearer (Minotaur Fighter)        Turns: 2784, Time: 00:12:54

Health: 0/55       AC: 12    Str: 22    XL:     6   Next: 62%
Magic:  5/5        EV:  5    Int:  5    God:
Gold:   204        SH: 10    Dex: 10    Spells: 0 memorised, 5 levels left

rFire  . . .     SeeInvis .     a - +0 trident
rCold  . . .     Clarity  .     q - +0 plate armour
rNeg   + . .     SustAt   .     c - +0 shield
rPois  .         Gourm    .     (helmet restricted)
rElec  .         Spirit   .     (no cloak)
rCorr  .         Warding  +     (no gloves)
rMut   .         Stasis   .     (no boots)
MR     .....                    j - amulet of warding
Stlth  ..........               (no ring)
                                (no ring)

@: very slightly contaminated, hasted, very quick, not resistant to hostile
enchantments, extremely unstealthy
A: retaliatory headbutt, horns 2
a: no special abilities


You were on level 3 of the Dungeon.
You were not hungry.

You visited 1 branch of the dungeon, and saw 3 of its levels.

You collected 204 gold pieces.

Inventory:

Hand weapons
 a - a +0 trident (weapon)
Armour
 b - a +0 scale mail
 c - a +0 shield (worn)
 q - a +0 plate armour (worn)
Jewellery
 j - an amulet of warding (around neck)
 o - an uncursed ring of flight {unknown}
Magical devices
 n - a wand of slowing (31)
Scrolls
 f - 2 scrolls of remove curse
 m - a scroll of teleportation
Potions
 d - 2 potions of might
 h - a potion of cure mutation
 k - a potion of haste
 l - a potion of curing {unknown}
 p - a potion of berserk rage {unknown}
 r - a potion of flight {unknown}
 s - a potion of poison {unknown}
 t - a potion of brilliance {unknown}
Comestibles
 e - 4 bread rations
 g - a beef jerky
 i - a meat ration


   Skills:
 + Level 4.9 Fighting
 + Level 3.9 Polearms
 + Level 5.1 Armour
 + Level 2.5 Dodging
 + Level 1.0 Stealth
 + Level 5.8 Shields


You had 5 spell levels left.
You didn't know any spells.

Dungeon Overview and Level Annotations

Branches:
Dungeon (3/15)

Altars:


Innate Abilities, Weirdness & Mutations

You reflexively headbutt those who attack you in melee.
You have a pair of horns on your head.


Message History

You block the orc priest's attack. x2
Drink which item? (? for menu, Esc to quit)
You feel yourself speed up.
The orc priest hits you but does no damage. x2
You are very lightly contaminated with residual magic.
The orc priest miscasts a cantrip.
The orc priest hits you but does no damage.
The orc priest mumbles some strange prayers to Beogh against you.
You barely resist.
Your shield and plate armour prevent you from hitting the orc priest.
The orc priest is severely wounded.
The orc priest hits you but does no damage.
You puncture the orc priest!
You kill the orc priest!
The orc priest mumbles some strange prayers to Beogh against you.
Pain shoots through your body!
* * * LOW HITPOINT WARNING * * *
The orc priest invokes the aid of Beogh against you.
Pain shoots through your body!
You die...

######### #.......#
#.#.....# ########
#)#.....#
#......#####.#.#.#.#
#............#.....# ####
#...........##.....#
##....##...........##.#.#.#
#............o..@..##.....#
#..........†.......##.....#
...................##.#.#.#
..........†(.(.....##.....#
..........))........#.....#
...........##...#####.#.#.#
...........##.#.# #.†...#
...........##.#.# #).†..#
.....)....###.#.. #.#.#.#


You could see an orc priest.

Vanquished Creatures
  A big kobold (D:3)
  The ghost of KINGKRU the Covered, a weakling MiFi (D:3)
  An orc priest (D:3)
  Ijyb (D:3)
  An orc wizard (D:3)
  10 gnolls (D:3)
  An adder (D:2)
  4 worms
  A giant gecko (D:3)
  7 orcs (D:3)
  8 bats
  2 giant cockroaches
  20 hobgoblins
  14 kobolds
  4 giant newts
  33 goblins
  7 rats
116 creatures vanquished.

Notes
Turn   | Place    | Note
--------------------------------------------------------------
     0 | D:1      | KINGKRU the Minotaur Fighter began the quest for the Orb.
     0 | D:1      | Reached XP level 1. HP: 19/19 MP: 0/0
   276 | D:1      | Reached skill level 4 in Armour
   287 | D:1      | Reached XP level 2. HP: 24/27 MP: 1/1
   725 | D:2      | Reached XP level 3. HP: 33/33 MP: 2/2
  1095 | D:3      | Noticed KINGKRU's ghost (weakling MiFi)
  1109 | D:3      | Killed KINGKRU's ghost
  1109 | D:3      | Reached skill level 1 in Dodging
  1109 | D:3      | Reached XP level 4. HP: 27/40 MP: 3/3
  1442 | D:3      | Noticed Ijyb
  1453 | D:3      | Killed Ijyb
  1600 | D:3      | Reached XP level 5. HP: 37/47 MP: 4/4
  2012 | D:3      | Noticed a big kobold
  2028 | D:3      | Killed a big kobold
  2028 | D:3      | Reached skill level 5 in Armour
  2028 | D:3      | Reached skill level 1 in Stealth
  2050 | D:3      | Reached skill level 5 in Shields
  2050 | D:3      | Reached XP level 6. HP: 50/53 MP: 5/5
  2784 | D:3      | Killed from afar by an orc priest

Vault maps used:
D:1:      dpeg_arrival_snail
D:2:      grunt_dithmenos_smoke_and_mirrors
D:3:      minmay_goblin_kobold_castle, first_bread, st_stairs_6,
          columned_hall_lemuel, uniq_iyjb

Action                   |  1- 3 |  4- 6 || total
-------------------------+-------+-------++-------
Melee: Trident           |    75 |   223 ||   298
  Use: Scroll            |     4 |       ||     4
       Potion            |       |     2 ||     2
  Eat: Meat ration       |     1 |     1 ||     2
